TOP OF THE 1ST |
Tri-City Dust Devils batting - Pitching for Auburn Doubledays : LHP Harry Osborne
|
Pitching: LHP Harry Osborne
|
|
Batting: RHB Ruben Luis
|
0-0: Called Strike 0-1: Ball 1-1: Ball 2-1: Fly out, F6 (Popup, P, EV 79.4 MPH)
|
Batting: RHB Jeremy Mercer
|
0-0: Foul Ball, location: 2F 0-1: Reached via error on a dropped throw from 1B, E1 (Groundball, 34, EV 98.8 MPH)
|
Batting: RHB Hector Fernandez
|
0-0: Ball 1-0: Called Strike 1-1: Ball 2-1: Fly out, F8 (Flyball, 8RM, EV 93.8 MPH)
|
Batting: LHB Frank McConnell
|
0-0: Called Strike 0-1: Ball 1-1: Called Strike 1-2: Foul Ball, location: 2F 1-2: Fly out, F9 (Flyball, 9D, EV 98.8 MPH)
|
Top of the 1st over - 0 runs, 0 hits, 1 error, 1 left on base; Tri-City 0 - Auburn 0 |
BOTTOM OF THE 1ST |
Auburn Doubledays batting - Pitching for Tri-City Dust Devils : LHP Ruben Nunez
|
Pitching: LHP Ruben Nunez
|
|
Batting: SHB Dan Castaneda
|
0-0: Ball 1-0: Ball 2-0: Called Strike 2-1: Foul Ball, location: 2F 2-2: Strikes out swinging, 2-3 out at first.
|
Batting: RHB Travis Stanley
|
0-0: Foul Ball, location: 2F 0-1: Fly out, F3 (Popup, 3L, EV 74.4 MPH)
|
Batting: LHB John Luke
|
0-0: Ball 1-0: Ball 2-0: Foul Ball, location: 2F 2-1: Swinging Strike 2-2: Ball 3-2: Foul Ball, location: 2F 3-2: Base on Balls
|
Batting: RHB Slavik Nebrodov
|
0-0: Called Strike 0-1: Foul Ball, location: 2F 0-2: Ball 1-2: SINGLE (Groundball, 56D, EV 96.2 MPH) John Luke to second John Luke to third
|
Batting: RHB Ryan Hiemer
|
0-0: Foul Ball, location: 2F 0-1: Swinging Strike 0-2: Ball 1-2: Strikes out looking
|
Bottom of the 1st over - 0 runs, 1 hit, 0 errors, 2 left on base; Tri-City 0 - Auburn 0 |
TOP OF THE 2ND |
Tri-City Dust Devils batting - Pitching for Auburn Doubledays : LHP Harry Osborne
|
Batting: RHB Jaden Scott
|
0-0: Called Strike 0-1: Ground out 4-3 (Groundball, 4M, EV 80.0 MPH)
|
Batting: RHB Bryan Pitcher
|
0-0: Ball 1-0: Foul Ball, location: 2F 1-1: Ball 2-1: Ball 3-1: Foul Ball, location: 2F 3-2: SINGLE (Groundball, 4MD, EV 106.2 MPH)
|
Batting: LHB Roger Duque
|
0-0: Called Strike 0-1: Foul Ball, location: 2F 0-2: Strikes out swinging
|
Batting: LHB Paul Adams
|
0-0: Called Strike 0-1: Ball 1-1: Foul Ball, location: 2F 1-2: Foul Ball, location: 2F 1-2: Ball 2-2: Foul Ball, location: 2F 2-2: Foul Ball, location: 2F 2-2: Foul Ball, location: 2F 2-2: DOUBLE (Line Drive, 7LS, EV 103.1 MPH) Bryan Pitcher to third
|
Batting: SHB Ryan Brown
|
0-0: Ball 1-0: Foul Ball, location: 2F 1-1: Fly out, F7 (Flyball, 7LM, EV 86.9 MPH)
|
Top of the 2nd over - 0 runs, 2 hits, 0 errors, 2 left on base; Tri-City 0 - Auburn 0 |
BOTTOM OF THE 2ND |
Auburn Doubledays batting - Pitching for Tri-City Dust Devils : LHP Ruben Nunez
|
Batting: LHB Elias Posada
|
0-0: Called Strike 0-1: Foul Ball, location: 2F 0-2: Strikes out swinging
|
Batting: RHB Joe Young
|
0-0: Ball 1-0: Ground out 5-3 (Groundball, 56, EV 103.8 MPH)
|
Batting: RHB Joe Klein
|
0-0: Called Strike 0-1: Foul Ball, location: 2F 0-2: Ground out 6-3 (Groundball, 6, EV 90.0 MPH)
|
Bottom of the 2nd over - 0 runs, 0 hits, 0 errors, 0 left on base; Tri-City 0 - Auburn 0 |
TOP OF THE 3RD |
Tri-City Dust Devils batting - Pitching for Auburn Doubledays : LHP Harry Osborne
|
Batting: RHB Ruben Luis
|
0-0: Foul Ball, location: 2F 0-1: Fly out, F4 (Popup, 4, EV 76.2 MPH)
|
Batting: RHB Jeremy Mercer
|
0-0: Ball 1-0: Swinging Strike 1-1: Ball 2-1: Swinging Strike 2-2: Strikes out swinging
|
Batting: RHB Hector Fernandez
|
0-0: Called Strike 0-1: Ball 1-1: Ground out 5-3 (Groundball, 5, EV 83.8 MPH)
|
Top of the 3rd over - 0 runs, 0 hits, 0 errors, 0 left on base; Tri-City 0 - Auburn 0 |
BOTTOM OF THE 3RD |
Auburn Doubledays batting - Pitching for Tri-City Dust Devils : LHP Ruben Nunez
|
Batting: RHB Bryan Ernst
|
0-0: Ball 1-0: Foul Ball, location: 2F 1-1: Ball 2-1: Ball 3-1: Ground out 5-3 (Groundball, 5S, EV 63.8 MPH)
|
Batting: SHB Dan Castaneda
|
0-0: Ball 1-0: Ball 2-0: Foul Ball, location: 2F 2-1: Fly out, F9 (Flyball, 89S, EV 73.8 MPH)
|
Batting: RHB Travis Stanley
|
0-0: Swinging Strike 0-1: Called Strike 0-2: Ball 1-2: Foul Ball, location: 2F 1-2: Strikes out swinging
|
Bottom of the 3rd over - 0 runs, 0 hits, 0 errors, 0 left on base; Tri-City 0 - Auburn 0 |
TOP OF THE 4TH |
Tri-City Dust Devils batting - Pitching for Auburn Doubledays : LHP Harry Osborne
|
Batting: LHB Frank McConnell
|
0-0: Called Strike 0-1: Ball 1-1: Swinging Strike 1-2: Ball 2-2: Hit by Pitch
|
Batting: RHB Jaden Scott
|
0-0: Called Strike 0-1: Called Strike 0-2: Ball 1-2: Ball Frank McConnell is caught stealing 2nd base 2-4 2-2: SINGLE (Groundball, 13, EV 83.8 MPH) (infield hit)
|
Batting: RHB Bryan Pitcher
|
0-0: Called Strike 0-1: Grounds into double play, 1-6-3 (Groundball, 34S, EV 70.6 MPH)
|
Top of the 4th over - 0 runs, 1 hit, 0 errors, 0 left on base; Tri-City 0 - Auburn 0 |
BOTTOM OF THE 4TH |
Auburn Doubledays batting - Pitching for Tri-City Dust Devils : LHP Ruben Nunez
|
Batting: LHB John Luke
|
0-0: SINGLE (Line Drive, 56D, EV 104.4 MPH)
|
Batting: RHB Slavik Nebrodov
|
0-0: Called Strike 0-1: SINGLE (Groundball, 6MD, EV 107.5 MPH) John Luke to second Runner from 2nd tries for 3rd, SAFE, no throw by CF
|
Batting: RHB Ryan Hiemer
|
0-0: Called Strike 0-1: Ball 1-1: Ball 2-1: Called Strike 2-2: Foul Ball, location: 2F 2-2: Strikes out looking
|
Batting: LHB Elias Posada
|
0-0: Fly out, F1 (Line Drive, P, EV 71.9 MPH)
|
Batting: RHB Joe Young
|
0-0: Ball 1-0: Swinging Strike 1-1: Swinging Strike 1-2: Ball 2-2: Foul Ball, location: 2F 2-2: Foul Ball, location: 2F 2-2: Ground out 1-3 (Groundball, 15S, EV 68.8 MPH)
|
Bottom of the 4th over - 0 runs, 2 hits, 0 errors, 2 left on base; Tri-City 0 - Auburn 0 |
TOP OF THE 5TH |
Tri-City Dust Devils batting - Pitching for Auburn Doubledays : LHP Harry Osborne
|
Batting: LHB Roger Duque
|
0-0: Ground out 4-3 (Groundball, 4, EV 106.2 MPH)
|
Batting: LHB Paul Adams
|
0-0: Foul Ball, location: 2F 0-1: SINGLE (Groundball, 4M, EV 106.9 MPH) (infield hit)
|
Batting: SHB Ryan Brown
|
0-0: Called Strike 0-1: Ball 1-1: Called Strike 1-2: Ball 2-2: Foul Ball, location: 2F 2-2: Ball 3-2: Base on Balls Paul Adams to second
|
Batting: RHB Ruben Luis
|
0-0: Foul Ball, location: 2F 0-1: Ground out 5-3 (Groundball, 56S, EV 88.8 MPH) Paul Adams to third Ryan Brown to second
|
Batting: RHB Jeremy Mercer
|
0-0: Ball 1-0: Ball 2-0: Called Strike 2-1: SINGLE (Groundball, 6MD, EV 96.9 MPH) Paul Adams scores Ryan Brown to third Runner from 3rd tries for Home, SAFE, throw by CF to home
|
Pitching: RHP Luis Galvez
|
|
Batting: RHB Hector Fernandez
|
0-0: Called Strike Jeremy Mercer steals 2nd base 0-1: Ball 1-1: Ball 2-1: Called Strike 2-2: Strikes out swinging
|
Top of the 5th over - 2 runs, 2 hits, 0 errors, 1 left on base; Tri-City 2 - Auburn 0 |
BOTTOM OF THE 5TH |
Auburn Doubledays batting - Pitching for Tri-City Dust Devils : LHP Ruben Nunez
|
Batting: RHB Joe Klein
|
0-0: Ball 1-0: Fly out, F8 (Flyball, 8RS, EV 91.2 MPH)
|
Batting: RHB Bryan Ernst
|
0-0: Ball 1-0: SINGLE (Line Drive, 34, EV 98.8 MPH)
|
Batting: SHB Dan Castaneda
|
0-0: Ball 1-0: Swinging Strike 1-1: Called Strike 1-2: Foul Ball, location: 2F 1-2: SINGLE (Groundball, 56S, EV 74.4 MPH) (infield hit) Bryan Ernst to second
|
Batting: RHB Travis Stanley
|
0-0: Called Strike 0-1: Foul Ball, location: 2F 0-2: Foul Ball, location: 2F 0-2: Strikes out looking
|
Batting: LHB John Luke
|
0-0: Called Strike 0-1: Ball 1-1: Called Strike 1-2: Ball 2-2: Foul Ball, location: 2F 2-2: Fly out, F7 (Line Drive, 7, EV 93.8 MPH)
|
Bottom of the 5th over - 0 runs, 2 hits, 0 errors, 2 left on base; Tri-City 2 - Auburn 0 |
TOP OF THE 6TH |
Tri-City Dust Devils batting - Pitching for Auburn Doubledays : RHP Luis Galvez
|
Batting: LHB Frank McConnell
|
0-0: Ball 1-0: Called Strike 1-1: Ball 2-1: Ball 3-1: Foul Ball, location: 2F 3-2: Foul Ball, location: 2F 3-2: Strikes out swinging
|
Batting: RHB Jaden Scott
|
0-0: Ball 1-0: Called Strike 1-1: Foul Ball, location: 2F 1-2: Strikes out looking
|
Batting: RHB Bryan Pitcher
|
0-0: Called Strike 0-1: Called Strike 0-2: Foul Ball, location: 2F 0-2: Strikes out swinging
|
Top of the 6th over - 0 runs, 0 hits, 0 errors, 0 left on base; Tri-City 2 - Auburn 0 |
BOTTOM OF THE 6TH |
Auburn Doubledays batting - Pitching for Tri-City Dust Devils : LHP Ruben Nunez
|
Batting: RHB Slavik Nebrodov
|
0-0: Ball 1-0: Ground out 6-3 (Groundball, 6, EV 76.2 MPH)
|
Batting: RHB Ryan Hiemer
|
0-0: Ball 1-0: Swinging Strike 1-1: Swinging Strike 1-2: Ball 2-2: Ball 3-2: Foul Ball, location: 2F 3-2: SINGLE (Line Drive, 89S, EV 88.1 MPH)
|
Pitching: RHP Brian McDaniel
|
|
Batting: LHB Elias Posada
|
0-0: Ball Ryan Hiemer steals 2nd base 1-0: Ball 2-0: Called Strike 2-1: Swinging Strike 2-2: Foul Ball, location: 2F 2-2: Ball 3-2: Ground out 4-3 (Groundball, 4, EV 76.9 MPH) Ryan Hiemer to third
|
Batting: RHB Joe Young
|
0-0: Ball 1-0: Ball 2-0: Ball 3-0: Called Strike 3-1: Called Strike 3-2: Foul Ball, location: 2F 3-2: Base on Balls
|
Batting: RHB Joe Klein
|
0-0: Ball 1-0: Swinging Strike 1-1: Ball 2-1: Ball 3-1: Foul Ball, location: 2F 3-2: Base on Balls Joe Young to second
|
Batting: RHB Bryan Ernst
|
0-0: Ball 1-0: Ball 2-0: Foul Ball, location: 2F 2-1: Swinging Strike 2-2: Fielders Choice at 2nd, 6-4 (Groundball, 6, EV 83.1 MPH)
|
Bottom of the 6th over - 0 runs, 1 hit, 0 errors, 3 left on base; Tri-City 2 - Auburn 0 |
TOP OF THE 7TH |
Tri-City Dust Devils batting - Pitching for Auburn Doubledays : RHP Luis Galvez
|
Pitching: RHP Mike DiFonzo
|
|
Batting: LHB Roger Duque
|
0-0: Swinging Strike 0-1: Foul Ball, location: 2F 0-2: Ball 1-2: Foul Ball, location: 2F 1-2: SINGLE (Groundball, 4MD, EV 108.1 MPH)
|
Batting: LHB Paul Adams
|
0-0: Ball 1-0: Called Strike 1-1: DOUBLE (Line Drive, 78D, EV 110.6 MPH) Roger Duque to third
|
Batting: SHB Ryan Brown
|
0-0: Ball 1-0: Ball 2-0: DOUBLE (Line Drive, 7LD, EV 110.0 MPH) Roger Duque scores Paul Adams scores
|
Batting: RHB Ruben Luis
|
0-0: Ball 1-0: Ball 2-0: Foul Ball, location: 2F 2-1: SINGLE (Groundball, 56S, EV 66.9 MPH) (infield hit) Ryan Brown to third
|
Batting: RHB Jeremy Mercer
|
0-0: Foul Ball, location: 2F 0-1: DOUBLE (Line Drive, 9LS, EV 103.1 MPH) Ryan Brown scores Ruben Luis to third Runner from 3rd tries for Home, SAFE, no throw by RF
|
Pitching: RHP Gilberto Ricalde
|
|
Batting: RHB Hector Fernandez
|
0-0: Called Strike 0-1: Ball 1-1: Foul Ball, location: 2F 1-2: Ball 2-2: Foul Ball, location: 2F 2-2: Ball 3-2: Strikes out swinging
|
Batting: LHB Frank McConnell
|
0-0: Swinging Strike 0-1: Swinging Strike 0-2: Ball Wild Pitch! Jeremy Mercer to third 1-2: Strikes out swinging
|
Batting: RHB Jaden Scott
|
0-0: Swinging Strike 0-1: Foul Ball, location: 2F 0-2: Ball 1-2: Strikes out swinging
|
Top of the 7th over - 4 runs, 5 hits, 0 errors, 1 left on base; Tri-City 6 - Auburn 0 |
BOTTOM OF THE 7TH |
Auburn Doubledays batting - Pitching for Tri-City Dust Devils : RHP Brian McDaniel
|
Batting: SHB Dan Castaneda
|
0-0: SINGLE (Line Drive, 9S, EV 105.6 MPH)
|
Batting: RHB Travis Stanley
|
0-0: Called Strike 0-1: Called Strike 0-2: SINGLE (Groundball, 34D, EV 103.1 MPH) Dan Castaneda to second Runner from 2nd tries for 3rd, SAFE, throw by RF made to third
|
Batting: LHB John Luke
|
0-0: Swinging Strike 0-1: Called Strike Travis Stanley steals 2nd base 0-2: Ground out 4-3 (Groundball, 4, EV 85.6 MPH) Dan Castaneda scores Travis Stanley to third
|
Pitching: LHP Andy Silveira
|
|
Batting: RHB Slavik Nebrodov
|
0-0: Ball 1-0: Called Strike 1-1: SINGLE (Line Drive, 56D, EV 96.2 MPH) Travis Stanley scores
|
Batting: RHB Ryan Hiemer
|
0-0: Called Strike 0-1: Called Strike 0-2: Fly out, F6 (Line Drive, 6, EV 69.4 MPH)
|
Batting: LHB Elias Posada
|
0-0: Called Strike 0-1: Ball 1-1: Ball 2-1: Ball 3-1: Foul Ball, location: 2F 3-2: Base on Balls Slavik Nebrodov to second
|
Batting: RHB Joe Young
|
0-0: Ball 1-0: Ball 2-0: Called Strike 2-1: Ball 3-1: Base on Balls Slavik Nebrodov to third Elias Posada to second
|
Batting: RHB Joe Klein
|
0-0: Ball 1-0: Ball 2-0: Ball 3-0: Base on Balls Slavik Nebrodov scores Elias Posada to third Joe Young to second
|
Batting: RHB Bryan Ernst
|
0-0: Swinging Strike 0-1: Ball 1-1: Foul Ball, location: 2F 1-2: Ball 2-2: Foul Ball, location: 2F 2-2: Foul Ball, location: 2F 2-2: Foul Ball, location: 2F 2-2: Fly out, F9 (Flyball, 9D, EV 87.5 MPH)
|
Bottom of the 7th over - 3 runs, 3 hits, 0 errors, 3 left on base; Tri-City 6 - Auburn 3 |
TOP OF THE 8TH |
Tri-City Dust Devils batting - Pitching for Auburn Doubledays : RHP Gilberto Ricalde
|
Pitching: RHP Brent Wainwright
|
|
Batting: RHB Bryan Pitcher
|
0-0: Ball 1-0: Swinging Strike 1-1: Foul Ball, location: 2F 1-2: Foul Ball, location: 2F 1-2: Ball 2-2: Ball 3-2: Base on Balls
|
Batting: LHB Roger Duque
|
0-0: Called Strike 0-1: Ball 1-1: Foul Ball, location: 2F Balk! Bryan Pitcher to second 1-2: Strikes out looking
|
Batting: LHB Paul Adams
|
0-0: Intentional Walk
|
Batting: SHB Ryan Brown
|
0-0: DOUBLE (Groundball, 5L, EV 93.8 MPH) Bryan Pitcher scores Paul Adams to third Runner from 3rd tries for Home, SAFE, throw by LF to home
|
Batting: RHB Ruben Luis
|
0-0: Ball 1-0: Foul Ball, location: 2F 1-1: Ball 2-1: DOUBLE (Flyball, 78XD, EV 95.6 MPH) Ryan Brown scores
|
Batting: RHB Jeremy Mercer
|
0-0: Called Strike 0-1: Ball 1-1: Swinging Strike 1-2: SINGLE (Line Drive, 56D, EV 107.5 MPH) Ruben Luis to third
|
Batting: RHB Hector Fernandez
|
0-0: Called Strike 0-1: SINGLE (Groundball, 56D, EV 109.4 MPH) Ruben Luis scores Jeremy Mercer to second
|
Pinch Hitting: RHB Ron Major
|
0-0: Ball 1-0: Ball 2-0: Called Strike 2-1: Foul Ball, location: 2F 2-2: Strikes out looking
|
Pinch Hitting: RHB Derrick Abrams
|
0-0: Called Strike 0-1: Called Strike 0-2: Strikes out swinging
|
Top of the 8th over - 4 runs, 4 hits, 0 errors, 2 left on base; Tri-City 10 - Auburn 3 |
BOTTOM OF THE 8TH |
Auburn Doubledays batting - Pitching for Tri-City Dust Devils : LHP Andy Silveira
|
Now at 2B: Hector Fernandez
|
|
Now at 3B: Ron Major
|
|
Now in LF: Derrick Abrams
|
|
Batting: SHB Dan Castaneda
|
0-0: Foul Ball, location: 2F 0-1: DOUBLE (Line Drive, 89D, EV 109.4 MPH)
|
Pitching: LHP Leonor Bem
|
|
Batting: RHB Travis Stanley
|
0-0: Called Strike 0-1: Foul Ball, location: 2F 0-2: Strikes out swinging
|
Batting: RHB David Rojas
|
0-0: Ground out 5-3 (Groundball, 56, EV 81.9 MPH)
|
Batting: RHB Slavik Nebrodov
|
0-0: Swinging Strike 0-1: Ball 1-1: Ground out 6-3 (Groundball, P, EV 89.4 MPH)
|
Bottom of the 8th over - 0 runs, 1 hit, 0 errors, 1 left on base; Tri-City 10 - Auburn 3 |
TOP OF THE 9TH |
Tri-City Dust Devils batting - Pitching for Auburn Doubledays : RHP Brent Wainwright
|
Batting: RHB Bryan Pitcher
|
0-0: Ball 1-0: Ball 2-0: Foul Ball, location: 2F 2-1: Foul Ball, location: 2F 2-2: Ball 3-2: Base on Balls
|
Batting: LHB Roger Duque
|
0-0: Called Strike 0-1: Foul Ball, location: 2F 0-2: Ball 1-2: Ball 2-2: Strikes out swinging
|
Batting: LHB Paul Adams
|
0-0: Fielders Choice at 2nd, 4-6 (Groundball, 4, EV 88.1 MPH)
|
Pitching: RHP Steve Barnes
|
|
Batting: SHB Ryan Brown
|
0-0: Called Strike 0-1: Swinging Strike 0-2: Ball Wild Pitch! Paul Adams to second 1-2: DOUBLE (Flyball, 8LXD, EV 93.1 MPH) Paul Adams scores
|
Batting: RHB Ruben Luis
|
0-0: Ground out 1-3 (Groundball, 15, EV 70.6 MPH)
|
Top of the 9th over - 1 run, 1 hit, 0 errors, 1 left on base; Tri-City 11 - Auburn 3 |
BOTTOM OF THE 9TH |
Auburn Doubledays batting - Pitching for Tri-City Dust Devils : LHP Leonor Bem
|
Batting: RHB Ryan Hiemer
|
0-0: Ball 1-0: Foul Ball, location: 2F 1-1: Foul Ball, location: 2F 1-2: Ground out 6-3 (Groundball, 6, EV 85.6 MPH)
|
Batting: LHB Elias Posada
|
0-0: Foul Ball, location: 2F 0-1: Ball 1-1: Foul Ball, location: 2F 1-2: Strikes out looking
|
Batting: RHB Joe Young
|
0-0: Ball 1-0: Called Strike 1-1: Swinging Strike 1-2: Ball 2-2: Foul Ball, location: 2F 2-2: Ball 3-2: Strikes out swinging
|
Bottom of the 9th over - 0 runs, 0 hits, 0 errors, 0 left on base; Tri-City 11 - Auburn 3 |
|